 Dungeon Crawl Stone Soup version 0.24-a0-251-g44e327ef01 (webtiles) character file.

Game seed: 183900418257153082

53 Redear the Ducker (level 3, -3/16 HPs)
             Began as a Felid Transmuter on Apr 16, 2019.
             Killed by nerve-wracking pain
             ... invoked by an orc priest
              (5 damage)
             ... on level 3 of the Dungeon.
             The game lasted 00:03:31 (2070 turns).

Redear the Ducker (Felid Transmuter)                Turns: 2070, Time: 00:03:31

Health: -3/16      AC:  1    Str:  7    XL:     3   Next: 64%
Magic:  6/7        EV: 19    Int: 14    God:
Gold:   123        SH:  0    Dex: 16    Spells: 2/6 levels left
                                        Lives:  0   Deaths: 1

rFire    . . .     SeeInvis +     - Unarmed
rCold    . . .     Gourm    .   (shield unavailable)
rNeg     . . .     Faith    .   (armour unavailable)
rPois    .         Spirit   .   (helmet unavailable)
rElec    .         Reflect  .   (cloak unavailable)
rCorr    .         Harm     .   (gloves unavailable)
MR       .....                  (boots unavailable)
Stlth    +++.......             (no amulet)
HPRegen  0.05/turn              (no ring)
MPRegen  0.10/turn              (no ring)

@: appendage (expiring), quick
A: very small, no armour, no weapons or thrown items, stealth, claws 1, fangs 3,
horns 2, see invisible, carnivore, speed 1, shaggy fur 1, slow metabolism 1,
sharp paws
a: End Transformation


You were on level 3 of the Dungeon.
You were not hungry.
You had grown temporary horns.
You visited 1 branch of the dungeon, and saw 3 of its levels.

You collected 123 gold pieces.

Inventory:

Missiles
 a - 12 arrows
 b - 53 stones
Jewellery
 c - an uncursed ring of protection from fire {unknown}
 h - an uncursed ring of protection from cold {unknown}
Scrolls
 d - a scroll of enchant weapon {unknown}
 e - 2 scrolls of identify {unknown}
 f - 2 scrolls of magic mapping {unknown}
 g - a scroll of remove curse {unknown}
 j - a scroll of fog {unknown}
Potions
 k - a potion of degeneration {unknown}
 l - a potion of agility {unknown}
Comestibles
 z - 4 rations


   Skills:
 + Level 2.3 Fighting
 + Level 3.9 Dodging
 + Level 2.9 Stealth
 + Level 3.6 Unarmed Combat
 - Level 2.0 Spellcasting
 - Level 2.1 Transmutations


You had 2 spell levels left.
You knew the following spells:

 Your Spells              Type           Power        Failure   Level  Hunger
z - Beastly Appendage     Tmut           #.....       10%         1    ##.....
O - Spider Form           Tmut/Pois      #.........   41%         3    ####...

Your spell library contained the following spells:

 Spells                   Type           Power        Failure   Level  Hunger
 Sticks to Snakes         Tmut           #.......     14%         2    ###....
 Ice Form                 Ice/Tmut       #.......     83%         4    #####..
 Blade Hands              Tmut           #.........   95%         5    ######.


Dungeon Overview and Level Annotations

Branches:
Dungeon (3/15)

Altars:
Nemelex Xobeh


Innate Abilities, Weirdness & Mutations

You cannot wear armour.
You are incapable of wielding weapons or throwing items.
Your paws allow you to move quietly. (Stealth)
You have sharp claws.
You have razor-sharp teeth.
You have supernaturally acute eyesight. (SInv)
You are carnivorous and can eat meat at any time.
You cover ground quickly.
You are covered in fur. (AC +1)
You have a slow metabolism.
Your sharp claws are effective at attacking unaware monsters.
You have a pair of horns on your head.


Message History

You scratch the orc.
The orc is moderately wounded.
You completely miss the orc. Your headbutt misses the orc.
The orc is moderately wounded.
The orc closely misses you.
You scratch the orc but do no damage.
The orc is moderately wounded.
The orc barely misses you. The orc priest closely misses you.
You scratch the orc.
The orc is heavily wounded.
The orc barely misses you.
The orc priest calls upon Beogh to heal the orc.
The orc's wounds heal themselves!
You scratch the orc. You headbutt the orc, but do no damage.
The orc is heavily wounded.
The orc hits you with a +0 club.
* * * LOW HITPOINT WARNING * * *
The orc priest calls down the wrath of Beogh upon you.
Pain shoots through your body!
You die...

##.## #####†###
#.......#
#.......#
#.......#
#.......#
#.....<.#
#....o..#
#....o@.#
##.#.####
#........#
+.........)....
####...###..##.
##.? ..# #.. .#
#.# # #.


You could see an orc priest and an orc.

Vanquished Creatures
  A scorpion (D:2)
  3 oozes
  3 worms
  2 dart slugs
  An orc (D:3)
  A giant cockroach (D:1)
  A goblin (D:1)
  4 hobgoblins
  3 jackals (D:2)
  A quokka (D:2)
  3 bats
  5 kobolds (D:1)
  5 rats
33 creatures vanquished.

Notes
Turn   | Place    | Note
-------+----------+-------------------------------------------
     0 | D:1      | Redear the Felid Transmuter began the quest for the Orb.
     0 | D:1      | Reached XP level 1. HP: 9/9 MP: 4/4
   339 | D:1      | Reached skill level 1 in Stealth
   352 | D:1      | Reached skill level 3 in Dodging
   352 | D:1      | Reached XP level 2. HP: 11/12 MP: 6/6
  1162 | D:2      | Reached XP level 3. HP: 12/16 MP: 5/7
  1256 | D:2      | Reached skill level 2 in Stealth
  1493 | D:2      | Noticed a scorpion
  1508 | D:2      | Killed a scorpion
  1508 | D:2      | Reached skill level 2 in Fighting
  1508 | D:2      | Reached XP level 4. HP: 9/19 MP: 8/8
  1714 | D:2      | Mangled by a worm
  1715 | D:2      | Reached XP level 3. HP: -7/16 MP: 7/7
  1719 | D:2      | Learned a level 3 spell: Spider Form
  1918 | D:2      | Found a sparkling altar of Nemelex Xobeh.
  2070 | D:3      | Killed from afar by an orc priest

Levels and vault maps discovered:
D:1:      evilmike_arrival_run_for_it, layout_basic, kennysheep_another_room
D:2:      layout_basic, lemuel_coloured_pillars_altar, first_ration
D:3:      layout_loops_corners, kennysheep_generic_room_16, uniq_terence,
          uniq_purgy

Skill      XL: |  1  2  3 |
---------------+----------+-----
Stealth        | 1 2 |  2.9
Dodging        | 3 |  3.9
Fighting       | 2 |  2.3
Unarmed Combat | |  3.6
Spellcasting   | |  2.0
Transmutations | |  2.1

Action                   |  1- 3 |  4- 6 || total
-------------------------+-------+-------++-------
Melee: Unarmed           |   128 |    10 ||   138
       Bite              |    12 |     1 ||    13
       Punch             |     2 |       ||     2
       Headbutt          |     4 |       ||     4
 Cast: Beastly Appendage |     4 |       ||     4
  Use: Potion            |     2 |       ||     2
 Stab: Sleeping          |     4 |       ||     4
Armor: Skin              |     7 |       ||     7
Dodge: Dodged            |    94 |     3 ||    97

Table legend:
 A = Non-vault XP
 B = Vault XP
 C = Vault XP percentage of total XP
 D = Non-vault monster count
 E = Vault monster count
 F = Vault count percentage of total count
                 A         B        C        D         E       F
            +---------+---------+-------+---------+---------+-------
      Total |     146 |       5 |   3.3 |      32 |       1 |   3.0
            +---------+---------+-------+---------+---------+-------
        D:1 |      28 |       5 |  15.2 |      15 |       1 |   6.2
        D:2 |     110 |       0 |   0.0 |      15 |       0 |   0.0
        D:3 |       8 |       0 |   0.0 |       2 |       0 |   0.0
            +---------+---------+-------+---------+---------+-------
